Map: Ruins of Seras

Players

Carneiro

  • Race: Zerg Zerg
  • League: Diamond

Magu - Winner!

  • Race: Protoss Protoss
  • League: Diamond

VOD

Have the link to the VOD?

Description

Strong build if u make right the drop at 5:00

Time

  • Played on: Dec. 12, 2015, 7:48 p.m.
  • Length: 10:52
Show
View Real Time Build Order
Export as new Build Order

Carneiro Zerg 

Build Orders: Hatch First 

Get SALT Encoding   

  12  0:01  Drone  
  13  0:12  Overlord  
  13  0:19  Drone  
  14  0:32  Drone x2  
  16  0:37  Drone  
  17  0:58  Hatchery  
  17  0:59  Drone  
  17  1:02  Drone  
  18  1:13  Extractor  
  18  1:14  Drone  
  18  1:23  Spawning Pool  
  18  1:25  Drone  
  18  1:35  Drone  
  19  1:46  Drone  
  20  2:00  Overlord  
  20  2:10  Queen x2  
  20  2:12  Metabolic Boost  
  20  2:14  Zergling x2  
  25  2:24  Drone x2  
  25  2:25  Drone x2  
  29  2:33  Drone  
  30  2:53  Drone x2  
  30  2:55  Hatchery  
  31  3:00  Drone  
  31  3:01  Drone x2  
  34  3:06  Overlord  
  34  3:13  Zergling x2  
  34  3:15  Spine Crawler  
  34  3:17  Drone  
  35  3:25  Zergling x4  
  37  3:31  Zergling x2  
  37  3:32  Zergling x8  
  40  3:57  Drone x4  
  40  4:00  Extractor  
  40  4:01  Extractor  
  40  4:02  Roach Warren  
  41  4:03  Evolution Chamber  
  41  4:06  Evolution Chamber  
  41  4:08  Drone  
  41  4:09  Drone x2  
  38  4:30  Drone x3  
  42  4:31  Drone x3  
  42  4:33  Drone x2  
  46  4:39  Zerg Missile Weapons Level 1  
  43  4:56  Drone x2  
  43  4:58  Lair  
  43  4:59  Drone  
  46  5:04  Extractor  
  46  5:05  Drone  
  46  5:06  Overlord x3, Drone x2  
  48  5:13  Zerg Melee Weapons Level 1  
  48  5:14  Drone x2  
  48  5:17  Overlord x2  
  50  5:27  Overlord  
  50  5:28  Overlord  
  50  5:29  Roach x3  
  50  5:47  Roach x3  
  50  5:48  Roach x3  
  57  6:25  Spire  
  55  6:26  Drone x3  
  55  6:28  Roach x3  
  55  6:29  Roach x2  
  68  6:35  Drone  
  68  6:36  Hatchery, Drone  
  68  6:37  Spore Crawler  
  68  6:42  Ravager  
  68  6:43  Ravager x4  
  72  6:51  Zergling x8  
  76  6:59  Ravager x2  
  78  7:10  Zergling x2  
  78  7:11  Zergling x16  
  74  7:35  Roach  
  74  7:36  Roach x7  
  77  7:43  Queen  
  57  8:03  Drone x2  
  57  8:04  Drone  
  60  8:06  Drone x4  
  60  8:08  Glial Reconstitution  
  64  8:12  Ravager  
  64  8:13  Ravager x4  
  64  8:15  Drone x3  
  64  8:17  Drone x2  
  73  8:21  Drone x3  
  76  8:27  Drone x2  
  76  8:28  Drone  
  76  8:30  Ravager  
  80  8:40  Zergling x10  
  80  8:41  Zergling x2  
  86  8:49  Queen  
  86  8:51  Drone x3  
  86  8:52  Drone  
  86  8:53  Drone x2  
  94  8:56  Zergling x2  
  94  8:57  Zergling x6  
  98  9:07  Overlord x3  
  98  9:11  Roach  
  98  9:14  Roach, Zergling x2  
  103  9:18  Overlord x2  
  102  9:24  Queen  
  102  9:29  Ravager  
  105  9:35  Drone x2  
  98  9:49  Roach  
  98  9:50  Roach x9  
  113  9:54  Overseer  
  86  10:17  Roach x3  
  86  10:18  Roach x6  
  69  10:28  Zergling x2  
  69  10:29  Zergling x14  
  69  10:31  Roach x4  
  70  10:42  Ravager x3  
  69  10:43  Ravager  
Show
View Real Time Build Order
Export as new Build Order

Magu Protoss - Winner!

Build Orders: Nexus First 

Get SALT Encoding   

  12  0:01  Probe (Chrono Boost)  
  13  0:12  Probe (Chrono Boost)  
  14  0:19  Pylon  
  14  0:23  Probe (Chrono Boost)  
  15  0:37  Probe (Chrono Boost)  
  16  0:47  Probe (Chrono Boost)  
  17  1:01  Nexus  
  17  1:12  Gateway  
  17  1:14  Probe (Chrono Boost)  
  18  1:21  Assimilator  
  18  1:25  Assimilator  
  18  1:29  Probe (Chrono Boost)  
  19  1:40  Gateway  
  19  1:43  Probe (Chrono Boost)  
  20  1:55  Probe (Chrono Boost)  
  21  2:03  Cybernetics Core  
  21  2:05  Probe (Chrono Boost)  
  22  2:14  Probe (Chrono Boost)  
  23  2:16  Probe (Chrono Boost)  
  24  2:24  Probe (Chrono Boost)  
  24  2:26  Probe (Chrono Boost)  
  26  2:33  Pylon  
  26  2:35  Probe (Chrono Boost)  
  28  2:40  Adept (Chrono Boost)  
  28  2:41  Adept (Chrono Boost)  
  30  2:46  Warp Gate (Chrono Boost)  
  30  2:49  Mothership Core  
  32  2:57  Probe  
  35  3:06  Sentry (Chrono Boost)  
  35  3:09  Probe, Adept (Chrono Boost)  
  35  3:10  Probe  
  39  3:21  Probe  
  39  3:23  Probe  
  39  3:25  Robotics Facility  
  41  3:34  Probe  
  42  3:35  Probe  
  43  3:46  Probe  
  44  3:54  Probe  
  41  3:58  Adept (Chrono Boost), Sentry (Chrono Boost)  
  45  4:04  Gateway  
  45  4:07  Twilight Council, Pylon  
  45  4:09  Probe  
  46  4:13  Pylon  
  46  4:20  Warp Prism (Chrono Boost)  
  46  4:25  Probe x2  
  48  4:36  Assimilator  
  48  4:37  Probe (Chrono Boost)  
  50  4:39  Probe (Chrono Boost)  
  50  4:41  Assimilator  
  50  4:45  Blink  
  50  4:49  Probe (Chrono Boost)  
  50  4:51  Probe (Chrono Boost)  
  51  4:55  Sentry  
  51  4:58  Adept  
  51  4:59  Probe (Chrono Boost)  
  56  5:03  Probe (Chrono Boost)  
  57  5:10  Probe (Chrono Boost), Pylon  
  57  5:13  Gateway  
  57  5:14  Gateway  
  59  5:15  Probe (Chrono Boost)  
  59  5:20  Probe (Chrono Boost)  
  60  5:27  Nexus  
  60  5:28  Probe (Chrono Boost), Immortal  
  65  5:31  Probe (Chrono Boost)  
  66  5:56  Stalker x2  
  70  6:00  Pylon  
  70  6:03  Pylon  
  70  6:08  Pylon  
  70  6:10  Pylon  
  70  6:14  Pylon  
  70  6:18  Immortal (Chrono Boost)  
  74  6:21  Stalker x2  
  74  6:22  Stalker x3  
  84  6:32  Probe x2  
  86  6:38  Probe  
  87  6:42  Gateway  
  87  6:43  Gateway  
  87  6:44  Probe x2  
  89  6:48  Stalker x2  
  93  6:56  Immortal (Chrono Boost)  
  97  7:07  Zealot x3  
  97  7:25  Stalker x2  
  97  7:35  Stalker x3  
  79  7:48  Mothership Core  
  79  7:50  Stalker x2  
  82  7:57  Probe  
  79  7:58  Probe  
  79  8:00  Stalker x3  
  79  8:01  Stalker x2  
  86  8:07  Probe  
  86  8:09  Probe  
  86  8:10  Probe  
  85  8:17  Stalker x2  
  85  8:19  Probe, Warp Prism (Chrono Boost)  
  91  8:21  Probe  
  91  8:22  Probe  
  94  8:27  Assimilator  
  94  8:30  Assimilator  
  94  8:31  Forge  
  94  8:39  Stalker x3  
  94  8:40  Stalker  
  102  8:47  Adept  
  104  8:50  Observer (Chrono Boost)  
  105  9:01  Gateway  
  105  9:03  Gateway  
  105  9:04  Stalker x3  
  105  9:08  Pylon  
  111  9:23  Adept x4  
  119  9:31  Probe, Photon Cannon  
  119  9:32  Probe  
  119  9:35  Sentry x3  
  119  9:36  Photon Cannon  
  118  9:51  Stalker x4  
  104  10:15  Stalker  
  104  10:16  Stalker x5  
  96  10:32  Stalker  
  98  10:40  Stalker x5  
  98  10:41  Stalker  
Tags
 
Add a new tag
Caveats
  • Supply blocks, unpowered buildings, or Contaminate may cause inaccurate times.
  • Supply counts are checked every 10 seconds.